[Event "7th Sharjah Masters 2024"]
[Site "Sharjah"]
[Date "2024.05.15"]
[Round "2.12"]
[White "Radjabov, Teimour"]
[Black "Vokhidov, Shamsiddin"]
[Result "1/2-1/2"]
[ECO "B47"]
[WhiteElo "2723"]
[BlackElo "2592"]
[Annotator "TA"]
[PlyCount "49"]
[EventDate "2024.05.13"]
[EventType "swiss"]
[EventCountry "UAE"]
[SourceTitle "playchess.com"]
[Source "ChessBase"]
[SourceQuality "1"]
[TimeControl "5400+30"]

1. e4 c5 2. Nf3 e6 3. d4 cxd4 4. Nxd4 Nc6 5. Nc3 Qc7 6. Be2 Nf6 7. Ndb5 Qb8 8. f4 d6 9. g4 {[%emt 0:00:30][%cal Bg2g4,Bg4g5][%mdl 32] The position is equal.} a6 10. Nd4 d5 11. exd5 exd5 12. g5 Ne4 13. Nxe4 dxe4 14. Be3 Bd7 15. Qd2 Qc7 16. Nxc6 Qxc6 17. O-O-O Be6 {[%emt 0:00:30][%cal Of8e7] Dodges Bc4} 18. Qa5 {[%emt 0:00:30] aiming for f5.} Rc8 19. Rd2 {[%emt 0:00:30] Hoping for f5. Active counter play!} Be7 (19... Qc7 $14 20. Qa4+ Qc6) 20. f5 $18 Bc4 21. Qe5 (21. f6 $1 $18 gxf6 22. Bxc4 Qxc4 23. gxf6 Bxf6 24. Bg5) 21... f6 $16 {[%emt 0:00:30] Black is weak on the dark squares} 22. gxf6 $40 {[%emt 0:00:30][%mdl 128] White attacks with force.} gxf6 {[%emt 0:00:30] [#]} 23. Qf4 {[%emt 0:00:30] And now Bh5+ would win.} Bxa2 $2 {[%emt 0:00:30] [#]} (23... Bxe2 $16 24. Rxe2 Qc4) 24. Bh5+ $1 $18 Bf7 25. Qg4 {[%emt 0:00:30] Weighted Error Value: White=0.06 (flawless) /Black=0.31.  Loses game:     	---       	Black=1      Mistake:       	White=1     	Black=1      OK:         	White=12    	Black=7      Best:        	White=1     	Black=2      Strong:       	White=1     	---} 1/2-1/2

[Event "7th Sharjah Masters 2024"]
[Site "Sharjah"]
[Date "2024.05.15"]
[Round "2.13"]
[White "Sarana, Alexey"]
[Black "Gurel, Ediz"]
[Result "1-0"]
[ECO "E46"]
[WhiteElo "2706"]
[BlackElo "2578"]
[Annotator "TA"]
[PlyCount "119"]
[EventDate "2024.05.13"]
[EventType "swiss"]
[EventCountry "UAE"]
[SourceTitle "playchess.com"]
[Source "ChessBase"]
[SourceQuality "1"]
[TimeControl "5400+30"]

1. d4 Nf6 2. c4 e6 3. Nc3 Bb4 4. e3 O-O 5. Bd2 d5 6. a3 Be7 7. Nf3 {[%emt 0:00:19] E46: Nimzo-Indian: Rubinstein: 4 e3 0-0 5 Ne2 without early Bd3.} b6 8. cxd5 exd5 9. g3 $5 {[%emt 0:00:09][%mdl 4] Exploring less charted territory.} c5 10. Bg2 Nc6 11. O-O Be6 $146 ({Predecessor:} 11... Bb7 12. Re1 Re8 13. Rc1 Bf8 14. h4 h6 15. Ne2 c4 16. Nh2 b5 17. Nc3 a6 {1-0 Van Foreest,J (2707)-Nguyen,T (2618) EU-Cup 38th Durres 2023 (7.4)}) 12. Ne2 Ne4 13. Bc3 Qd7 14. Nf4 Rfd8 15. dxc5 Nxc3 16. bxc3 bxc5 17. Qa4 Bf6 18. Rac1 Rac8 19. Rfd1 Ne7 20. Qa5 Bf5 21. Ne1 d4 22. cxd4 cxd4 23. e4 Bg4 24. f3 Be6 (24... Rxc1 $11 25. Rxc1 Nc6) 25. Nxe6 $14 Qxe6 26. f4 g5 27. fxg5 Bg7 28. Nd3 (28. Qxa7 $6 Rxc1 29. Rxc1 d3 $11) 28... Ng6 29. Rc5 Bf8 30. Rf5 Qb3 31. Rff1 Qxa3 32. Qf5 Qb3 33. e5 Bg7 34. Be4 Qe6 35. Qxe6 (35. Qf3 $16) 35... fxe6 $14 36. Bxg6 hxg6 37. Ra1 $1 Rc3 {[%emt 0:02:42] [#]} 38. Rfd1 $1 Rd7 39. Ra6 Re7 40. Rd2 Kh7 41. Kg2 Rb3 42. Ra5 Rb6 43. Kf3 Rf7+ 44. Ke4 Rb1 $2 (44... a6 45. Rda2 (45. Kxd4 Rf5 $16) 45... Ra7) 45. Rda2 $18 (45. Kxd4 Rd7+ 46. Ke4 Rb3 $16) 45... Rh1 46. Ra6 (46. Kxd4 Rd7+ 47. Ke4 Kg8 $18) 46... Re7 47. Rxa7 Rxa7 48. Rxa7 Rxh2 (48... Kg8 $142 49. Ra2 (49. Kxd4 Rxh2 50. Ra8+ Kf7 $14) 49... Bf8) 49. Nf4 $18 (49. Kxd4 Kg8 $16) 49... Kh8 50. Nxg6+ (50. Kxd4 Rh1 $16) 50... Kg8 51. Nf4 (51. Kxd4 Rh5 $11) 51... Rh1 52. Nxe6 (52. Kxd4 Rd1+ 53. Ke4 Re1+ 54. Kf3 Bxe5 $16) 52... Re1+ 53. Kd5 (53. Kxd4 Bxe5+ 54. Kd5 Bxg3 $11) 53... d3 {[%emt 0:01:21] [#]} 54. g6 $1 (54. Nxg7 $2 {perishes.} d2 55. Nf5 d1=Q+ $19 (55... d1=B 56. g6 Bb3+ 57. Kd6 Rd1+ 58. Ke7 Kh8 59. e6 Bxe6 60. Kxe6 Re1+ 61. Kf6 Re8 62. Rh7+ Kg8 63. Nh6+ Kf8 64. Rh8#)) ({Not} 54. Rxg7+ Kh8 55. Rd7 d2 56. Rd8+ Kh7 $11) 54... Rxe5+ 55. Kd6 Rxe6+ 56. Kxe6 Bc3 57. Rd7 d2 58. Kf5 Bb4 59. g7 Kh7 60. Ke4 1-0

[Event "7th Sharjah Masters 2024"]
[Site "Sharjah"]
[Date "2024.05.15"]
[Round "2.14"]
[White "Nesterov, Arseniy"]
[Black "Artemiev, Vladislav"]
[Result "1/2-1/2"]
[ECO "D27"]
[WhiteElo "2590"]
[BlackElo "2705"]
[Annotator "TA"]
[PlyCount "106"]
[EventDate "2024.05.13"]
[EventType "swiss"]
[EventCountry "UAE"]
[SourceTitle "playchess.com"]
[Source "ChessBase"]
[SourceQuality "1"]
[TimeControl "5400+30"]

1. d4 d5 2. c4 e6 3. Nf3 dxc4 4. e3 Nf6 5. Bxc4 c5 6. O-O a6 7. b3 cxd4 8. Nxd4 Be7 9. Bb2 O-O 10. Be2 b5 11. a4 bxa4 {[%emt 0:00:56] White has an edge.} 12. Rxa4 Bd7 13. Rc4 a5 14. Nd2 Na6 15. Nc6 Bxc6 16. Rxc6 Nb4 17. Rc4 h6 18. g3 Qd7 19. Rd4 Qa7 20. Nc4 Nfd5 21. Bf3 Rad8 22. Rd2 Nb6 23. Rxd8 Rxd8 24. Qe2 {[%emt 0:00:08] Hoping for Bd4.} Qa6 25. Nxb6 Qxb6 {[%emt 0:00:05] The position is equal.} 26. Qc4 Bf6 27. Bxf6 gxf6 28. Ra1 Nd3 {[%emt 0:00:48] Prevents Qf4.} 29. Qc3 Ne5 30. Be2 Rd5 31. Rc1 Kg7 32. h4 Qd6 33. Kf1 Qb8 34. Rd1 Qb7 35. Rxd5 Qxd5 $11 {[%emt 0:00:04][%mdl 4096] Endgame. KQB-KQN} 36. Kg1 {[%emt 0:00:02] Repels Qh1+} Qd8 37. Kg2 Qa8+ 38. Kh2 {[%emt 0:00:24] Active counter play!} Qd8 39. Kg2 Qb6 40. Kg1 Nd7 41. Bc4 Qc5 {[%emt 0:00:37] [#] And now ...Nb6 would win.} 42. Qd2 Nb6 43. Be2 Nd5 44. Bc4 Nb6 45. Be2 Nc8 46. Kg2 Nd6 47. Bf3 Qb6 48. Qc3 Nf5 49. Qc4 Ne7 50. Qg4+ Kf8 51. Qf4 Ng8 52. Qc4 Ne7 53. Qf4 Kg7 {[%emt 0:00:19] Weighted Error Value: White=0.04 (flawless) /Black=0.02 (flawless) .  Inaccurate:     	White=1     	Black=1      OK:         	White=10    	Black=18     Best:        	---       	Black=1} 1/2-1/2

[Event "7th Sharjah Masters 2024"]
[Site "Sharjah"]
[Date "2024.05.15"]
[Round "2.15"]
[White "Esipenko, Andrey"]
[Black "Daneshvar, Bardiya"]
[Result "0-1"]
[ECO "B12"]
[WhiteElo "2704"]
[BlackElo "2582"]
[Annotator "TA"]
[PlyCount "153"]
[EventDate "2024.05.13"]
[EventType "swiss"]
[EventCountry "UAE"]
[SourceTitle "playchess.com"]
[Source "ChessBase"]
[SourceQuality "1"]
[TimeControl "5400+30"]

1. e4 c6 2. d4 d5 3. e5 c5 4. Nf3 cxd4 5. Qxd4 Nc6 6. Qf4 e6 7. Nc3 Nb4 8. Bd3 Nxd3+ 9. cxd3 Ne7 10. h4 Ng6 11. Qg3 h5 12. Bg5 Qb6 13. O-O Bd7 14. Rfc1 Rc8 15. d4 Bc6 16. Rc2 Qa6 17. Nd1 Qd3 18. Rac1 a6 19. a3 Qe4 20. Ne3 Be7 21. Bxe7 Kxe7 22. Qg5+ f6 23. Qg3 Kf7 24. Rc3 Qf4 25. Qxf4 Nxf4 26. R1c2 Ke7 27. g3 Ng6 28. exf6+ gxf6 29. Ne1 Kd6 30. f3 Ne7 31. Kf2 e5 32. Rd2 Ba4 33. Rxc8 Rxc8 34. g4 hxg4 35. fxg4 Ke6 (35... Bc6 $14) 36. h5 Rg8 37. Nf3 Be8 38. Rd1 Bf7 39. Re1 Nc6 $1 40. Rd1 (40. h6 $14 {was preferrable.}) 40... Nxd4 41. Nxd4+ exd4 42. Rxd4 Ke5 $1 43. Nf5 Be6 44. Rb4 $1 Bxf5 45. gxf5 Rh8 46. Rxb7 Rxh5 47. b4 Rh2+ 48. Ke1 $2 (48. Kg3 $11 {and White stays safe.} Rc2 49. Ra7) 48... Ra2 $1 $19 (48... Kxf5 49. Ra7 $11) 49. Ra7 Rxa3 50. b5 (50. Kd2 $142 Rb3 (50... Kxf5 51. Kc2 $17) 51. Rxa6) 50... a5 $19 (50... Kxf5 51. bxa6 Ke5 52. Ra8 $11) 51. Kd2 a4 52. b6 Rb3 (52... Kxf5 53. Ra5 Rb3 54. Rxd5+ Ke4 55. Ra5 $15) 53. Rxa4 Rxb6 54. Ra5 Rb3 ({Stronger than} 54... Kxf5 55. Rxd5+ Ke4 56. Rd7 $11) 55. Ke2 Ke4 ({Not} 55... Kxf5 56. Rxd5+ Kg4 57. Rd6 $11) 56. Kd2 d4 ({Weaker is} 56... Kxf5 57. Rxd5+ Kg4 58. Rd7 $11) 57. Ra6 Kxf5 58. Ra8 Kf4 59. Rd8 d3 60. Rd4+ Kf3 61. Rd5 Ke4 62. Rd8 f5 63. Re8+ Kf3 64. Rf8 f4 65. Rf7 Kg3 66. Rf8 Ra3 67. Rf7 f3 68. Ke3 Kg2 69. Kd2 f2 70. Rg7+ Kf1 71. Rg8 Ra2+ 72. Kd1 Re2 73. Rg7 Re3 74. Kd2 Rh3 75. Rg8 Rh2 76. Rg3 Rg2 77. Kc3 0-1

[Event "7th Sharjah Masters 2024"]
[Site "Sharjah"]
[Date "2024.05.15"]
[Round "2.16"]
[White "Sevian, Samuel"]
[Black "Erdogmus, Yagiz Kaan"]
[Result "1/2-1/2"]
[ECO "D13"]
[WhiteElo "2699"]
[BlackElo "2554"]
[Annotator "RC"]
[PlyCount "72"]
[EventDate "2024.05.13"]
[EventType "swiss"]
[EventCountry "UAE"]
[SourceTitle "playchess.com"]
[Source "ChessBase"]
[SourceQuality "1"]
[TimeControl "5400+30"]

1. d4 d5 2. Nf3 c5 3. c3 e6 4. Bf4 Bd6 5. e3 Bxf4 6. exf4 cxd4 7. cxd4 Nf6 8. Nc3 O-O 9. Bd3 Nc6 10. a3 Bd7 11. O-O Rc8 12. Rc1 Na5 13. Ne5 g6 14. g3 Nc4 15. Qe2 b5 16. Rfd1 a5 17. Bxc4 bxc4 18. Kg2 Nh5 19. Ng4 Ng7 20. Ne3 Rb8 21. Rd2 Nf5 22. Re1 Nxe3+ 23. Qxe3 Rb3 24. Qf3 Qf6 25. Qd1 Rfb8 26. Qc1 Qd8 27. Re5 Qb6 28. Ree2 Qd6 29. Rc2 R8b7 30. h3 Kg7 31. Qe3 Qb8 32. Qc1 Qd6 33. Rcd2 Qb8 34. Kh2 Qd6 35. Kg2 Qb8 36. Kh2 Qd6 1/2-1/2

[Event "7th Sharjah Masters 2024"]
[Site "Sharjah"]
[Date "2024.05.15"]
[Round "2.17"]
[White "Kadric, Denis"]
[Black "Narayanan S L"]
[Result "1/2-1/2"]
[ECO "C54"]
[WhiteElo "2558"]
[BlackElo "2695"]
[Annotator "TA"]
[PlyCount "57"]
[EventDate "2024.05.13"]
[EventType "swiss"]
[EventCountry "UAE"]
[SourceTitle "playchess.com"]
[Source "ChessBase"]
[SourceQuality "1"]
[TimeControl "5400+30"]

1. e4 e5 2. Nf3 Nc6 3. Bc4 Bc5 4. c3 Nf6 5. d3 d6 6. b4 Bb6 7. a4 a5 8. b5 Ne7 9. O-O O-O 10. Nbd2 Ng6 11. d4 Bg4 12. Qc2 exd4 13. cxd4 {[%emt 0:01:48] White has an edge.} d5 14. exd5 Nxd5 15. Qb3 Be6 16. Ba3 Re8 17. Rae1 h6 18. Re4 c6 19. Rfe1 Bc7 20. g3 Bd6 21. Bc5 Nf8 22. Qa3 Bxc5 23. dxc5 Nf6 24. R4e3 Qd7 25. Bxe6 Rxe6 26. Nc4 {[%emt 0:01:20] [#] Hoping for Nb6.} Rxe3 (26... cxb5 $2 27. Rxe6 b4 (27... Nxe6 $2 28. Nb6 $18) 28. Qc1 Nxe6 29. Nb6 $18) 27. Rxe3 Nd5 (27... cxb5 $2 28. Nb6 Qd1+ (28... b4 $2 29. Qb3 $18) 29. Re1 $18) 28. Rd3 {[%emt 0:04:23] Nb6 is the strong threat.} Qe7 (28... cxb5 $2 {perishes.} 29. Ne3 (29. Nb6 b4 $16) 29... Re8 (29... b4 $2 30. Qa1 $18) 30. Nxd5 $18 (30. Rxd5 Rxe3 31. Qa2 Re2 $11)) (28... Qh3 $11) 29. Nd6 {[%emt 0:06:09] Weighted Error Value: White=0.07 (flawless) /Black=0.17 (very precise) .  Mistake:       	---       	Black=1      Inaccurate:     	White=2     	Black=3      OK:         	White=7     	Black=5      Best:        	White=1     	---} 1/2-1/2

[Event "7th Sharjah Masters 2024"]
[Site "Sharjah"]
[Date "2024.05.15"]
[Round "2.18"]
[White "Sanal, Vahap"]
[Black "Sjugirov, Sanan"]
[Result "1/2-1/2"]
[ECO "B51"]
[WhiteElo "2566"]
[BlackElo "2692"]
[Annotator "TA"]
[PlyCount "124"]
[EventDate "2024.05.13"]
[EventType "swiss"]
[EventCountry "UAE"]
[SourceTitle "playchess.com"]
[Source "ChessBase"]
[SourceQuality "1"]
[TimeControl "5400+30"]

1. e4 c5 2. Nf3 d6 3. Bb5+ Nd7 4. c3 Ngf6 5. Qe2 a6 6. Ba4 e6 7. Bc2 b5 8. d4 Bb7 9. O-O Be7 10. Re1 O-O 11. Nbd2 Qc7 12. Nf1 Rfc8 13. Bd3 e5 14. d5 c4 15. Bc2 a5 16. Ng3 g6 17. h3 Nc5 18. Nh2 b4 19. Be3 Nd3 20. Bxd3 cxd3 21. Qxd3 Ba6 (21... bxc3 $5 22. bxc3 Qxc3 $11) 22. Qd1 bxc3 23. bxc3 Qxc3 (23... h5 $5) 24. Ng4 $1 Nxg4 25. Qxg4 Qc7 26. Rac1 Qd8 27. Nf5 Bf8 28. Nh6+ Kg7 $1 29. Qf3 f6 30. h4 Rxc1 31. Rxc1 Rc8 32. Rb1 {[%emt 0:00:30] White has more active pieces.} Rb8 {[%emt 0:00:30] Prevents Rb6} 33. Rc1 Rc8 $1 34. Rb1 Rb8 $1 35. Rxb8 Qxb8 36. Kh2 Be7 37. g4 Qb4 {[%emt 0:00:30] [#] ...Bd3 is the strong threat.} 38. a3 Qa4 {[%emt 0:00:30][%cal Oa6d3] White must now prevent ...Bd3!} (38... Qxa3 $2 {is the wrong capture.} 39. Nf5+ Kf7 (39... gxf5 $2 {loses.} 40. Bh6+ Kxh6 41. Qxa3 $18) 40. g5 $18) 39. Bd2 Qc2 40. Qe3 Qc5 41. g5 Qxe3 42. Bxe3 $11 {[%emt 0:00:30][%mdl 4096] Endgame. KBB-KBN} Bd3 {[%emt 0:00:30] [#] ...fxg5 would now be deadly.} 43. f3 f5 44. exf5 gxf5 45. f4 Kg6 46. Bb6 exf4 47. Bxa5 Bc4 48. Ng8 Bf8 49. Nf6 {[%emt 0:00:30] Hoping for h5+.} Bg7 50. Bd2 Bxf6 51. gxf6 Kxf6 ({Don't play} 51... Bxd5 52. Bxf4 h5 53. Bxd6 $11) 52. Bxf4 {[%emt 0:00:30] KB-KB} Ke7 53. Kg3 Bxd5 54. h5 Ke6 55. a4 Bc4 56. Kf2 Kd5 57. Ke3 Ba6 58. Bg5 Kc4 59. a5 d5 60. Bf6 {[%emt 0:00:30] Prevents d4+.} Bb7 61. Kf4 d4 62. Kxf5 d3 {[%emt 0:00:30] Weighted Error Value: White=0.09 (flawless) /Black=0.05 (flawless) .  Inaccurate:     	White=3     	Black=3      OK:         	White=16    	Black=28     Best:        	White=6     	---        Strong:       	White=1     	Black=3} 1/2-1/2

[Event "7th Sharjah Masters 2024"]
[Site "Sharjah"]
[Date "2024.05.15"]
[Round "2.19"]
[White "Can, Emre"]
[Black "Sindarov, Javokhir"]
[Result "0-1"]
[ECO "C93"]
[WhiteElo "2549"]
[BlackElo "2684"]
[Annotator "TA"]
[PlyCount "84"]
[EventDate "2024.05.13"]
[EventType "swiss"]
[EventCountry "UAE"]
[SourceTitle "playchess.com"]
[Source "ChessBase"]
[SourceQuality "1"]
[TimeControl "5400+30"]

1. e4 e5 2. Nf3 Nc6 3. Bb5 a6 4. Ba4 Nf6 5. O-O Be7 6. d3 b5 7. Bb3 d6 8. c3 O-O 9. h3 h6 10. Re1 Re8 11. a4 {[%emt 0:06:42] White wants to play axb5.} Rb8 12. axb5 axb5 {[%emt 0:00:08] White has an edge.} 13. d4 exd4 (13... Bf8 $5) 14. cxd4 d5 15. exd5 (15. Nc3 $14) 15... Nxd5 $11 16. Nc3 Nxc3 17. bxc3 Bd6 18. Rxe8+ Qxe8 19. Qd3 {[%emt 0:01:44][%cal Oc1h6] [#] aiming for Bxh6!} Ne7 $1 20. Ne5 Bxe5 21. dxe5 Be6 22. Bxe6 fxe6 23. Ra6 Qc8 24. Ra1 Qe8 25. Ra6 Qc8 26. Ra1 c5 27. Be3 b4 28. c4 {[%emt 0:03:12] [#]} (28. cxb4 $11 cxb4 29. Rb1) 28... Nf5 $1 $17 29. Rb1 Qc6 30. f3 Nxe3 31. Qxe3 {[%emt 0:00:06][%mdl 4096] Endgame. KQR-KQR} Rd8 {[%emt 0:00:02] ...Rd4 is the strong threat.} 32. Ra1 (32. Kh2 $17) 32... Rd4 $19 33. Qe2 Qb6 {[%emt 0:05:36] ...Qd8 would now be deadly.} 34. Rb1 $2 {[%emt 0:04:33] Now White is beyond hope.} (34. Ra8+ $17 Rd8 35. Ra2) 34... Qa6 35. Rc1 Qa3 ({Weaker is} 35... b3 36. Rb1 $17) 36. Qe1 (36. Rc2) 36... Qd3 {[%emt 0:00:18][%cal Ob4b3] Strongly threatening ...b3! Black is clearly winning.} 37. Ra1 Rxc4 {[%emt 0:00:35] Threatens to win with ...b3.} 38. Rd1 Qg6 39. Qe3 Kh7 40. h4 Rc3 41. Qf4 Rc2 42. g4 Ra2 {[%emt 0:00:15] Weighted Error Value: White=0.79/Black=0.30.  Loses game:     	White=1     	---        Mistake:       	White=4     	---        Inaccurate:     	White=3     	Black=2      OK:         	White=8     	Black=10     Best:        	White=1     	Black=2      Strong:       	---       	Black=2} (42... h5 $142 43. Qg5 Qxg5 44. hxg5 b3) 0-1

[Event "7th Sharjah Masters 2024"]
[Site "Sharjah"]
[Date "2024.05.15"]
[Round "2.20"]
[White "Nihal Sarin"]
[Black "Mchedlishvili, Mikheil"]
[Result "1-0"]
[ECO "C81"]
[WhiteElo "2680"]
[BlackElo "2569"]
[Annotator "RC"]
[PlyCount "105"]
[EventDate "2024.05.13"]
[EventType "swiss"]
[EventCountry "UAE"]
[SourceTitle "playchess.com"]
[Source "ChessBase"]
[SourceQuality "1"]
[TimeControl "5400+30"]

1. e4 e5 2. Nf3 Nc6 3. Bb5 a6 4. Ba4 Nf6 5. O-O Nxe4 6. d4 b5 7. Bb3 d5 8. dxe5 Be6 9. Qe2 Nc5 10. Rd1 Nxb3 11. axb3 Be7 12. h3 O-O 13. Be3 f6 14. exf6 Bxf6 15. Nc3 Bf7 16. Qd2 Ne5 17. Nxe5 Bxe5 18. b4 c6 19. Bd4 Bc7 20. Ne2 Bg6 21. Qc3 Qd7 22. Re1 Rf7 23. Ng3 h5 24. Re3 Bf4 25. Re2 h4 26. Nf1 Bc7 27. Nd2 Bh5 28. Ree1 Bd6 29. Nb3 Rf3 30. Re3 Rxe3 31. Bxe3 Bg6 32. Nc5 Qf5 33. Nd3 Qd7 34. Ne5 Qe8 35. Bd4 Bxc2 36. Re1 Be4 37. f3 a5 38. bxa5 c5 39. Bxc5 Bxe5 40. Bd4 Rc8 41. Bxe5 Rxc3 42. Bxc3 b4 43. Bd4 Qb5 44. fxe4 Qxa5 45. e5 b3 46. Rd1 Kf7 47. Bc3 Qa7+ 48. Kh2 Ke6 49. Rd4 g5 50. Rg4 Qe3 51. Bd4 Qd2 52. Bc3 Qe3 53. Bd4 1-0

[Event "7th Sharjah Masters 2024"]
[Site "Sharjah"]
[Date "2024.05.15"]
[Round "2.21"]
[White "Horvath, Dominik"]
[Black "Martirosyan, Haik M."]
[Result "1/2-1/2"]
[ECO "C67"]
[WhiteElo "2554"]
[BlackElo "2679"]
[Annotator "TA"]
[PlyCount "50"]
[EventDate "2024.05.13"]
[EventType "swiss"]
[EventCountry "UAE"]
[SourceTitle "playchess.com"]
[Source "ChessBase"]
[SourceQuality "1"]
[TimeControl "5400+30"]

1. e4 e5 2. Nf3 Nc6 3. Bb5 Nf6 4. O-O Nxe4 5. Re1 Nd6 6. Nxe5 Be7 7. Bf1 Nxe5 8. Rxe5 O-O {[%emt 0:00:08] The position is equal.} 9. Nc3 Ne8 10. d4 {[%emt 0:00:09] Black is weak on the light squares} Bf6 11. Re1 d5 12. b3 c6 13. Ba3 Nd6 14. Qf3 Nf5 15. Bxf8 {[%emt 0:01:26] [#] aiming for Ba3.} (15. Ne2 {simplifies} Re8 16. c3 Bd7 17. Ng3) 15... Nxd4 16. Qxf6 gxf6 (16... Qxf6 $2 17. Re8 Nf3+ (17... Nxc2 18. Be7#) 18. Kh1 $18) 17. Be7 Qd7 18. Rad1 $1 Qg4 19. Rd3 {[%emt 0:07:40] Against Nf3+} Nf5 $1 (19... Nxc2 $2 {loses.} 20. Rc1 Qf4 (20... Qe6 $2 21. Rg3+ Kh8 22. Bf8 $18) 21. Rg3+ (21. Rxc2 Bf5 $16) 21... Kh8 22. Rxc2 $18) 20. Ne4 dxe4 21. Rd8+ Kg7 22. Bf8+ Kg6 23. Ba3 Kg7 {[%emt 0:08:33] Wards off Rg8+} 24. Bf8+ $1 Kg6 25. Ba3 Kg7 {[%emt 0:00:06] Against Rg8+. Not much happened in this game.   Weighted Error Value: White=0.01 (flawless) /Black=0.00 (flawless) .  OK:         	White=10    	Black=8      Best:        	White=2     	Black=4      Strong:       	White=2     	Black=1} 1/2-1/2

[Event "7th Sharjah Masters 2024"]
[Site "Sharjah"]
[Date "2024.05.15"]
[Round "2.22"]
[White "Shankland, Sam"]
[Black "Sivuk, Vitaly"]
[Result "1-0"]
[ECO "A07"]
[WhiteElo "2671"]
[BlackElo "2544"]
[Annotator "TA"]
[PlyCount "111"]
[EventDate "2024.05.13"]
[EventType "swiss"]
[EventCountry "UAE"]
[SourceTitle "playchess.com"]
[Source "ChessBase"]
[SourceQuality "1"]
[TimeControl "5400+30"]

1. Nf3 d5 2. g3 Nf6 3. Bg2 e6 4. O-O Be7 5. d3 O-O 6. Nbd2 Nc6 7. d4 {[%emt 0:00:44] A07: Réti Opening: New York and Capablanca Systems.} a5 8. c4 b6 9. b3 Bb7 10. Bb2 $146 ({Predecessor:} 10. a3 Na7 11. Bb2 Nc8 12. Ne5 c6 13. Rc1 Nd6 14. Qc2 Rc8 15. c5 bxc5 16. dxc5 {1-0 Lagarde,M (2625)-Deac,B (2639) Titled Tuesday intern op 14th Sept blitz 2021 (6)}) 10... a4 11. cxd5 exd5 12. bxa4 Bd6 13. Nb1 Ne4 14. Nfd2 Nxd2 (14... f5 $11 {should be considered.}) 15. Nxd2 $14 Bb4 16. Nb1 Na5 17. Bc3 Qe7 18. Qc2 Bd6 19. e3 Qd7 20. Bxa5 Rxa5 21. Nc3 Rfa8 22. Qb3 Bf8 23. Rfc1 Rd8 24. Rab1 Ba8 25. Qd1 Ra6 26. Qe2 Ra5 27. Rb5 c5 (27... Rxb5 $16 28. axb5 Ba3) 28. Rxb6 cxd4 29. exd4 Rc8 30. Qb2 Ra7 31. Nb5 Rxa4 (31... Rxc1+ $16 32. Qxc1 Qd8) 32. Rxc8 $18 Qxc8 {[%emt 0:00:05] [#]} 33. Nc3 $1 Ra3 34. Nxd5 Rd3 $2 (34... Bxd5 {was worth a try.} 35. Bxd5 Qd7) 35. Ne7+ $18 Bxe7 36. Rb8 Rd1+ 37. Bf1 Qf8 38. Rxf8+ Bxf8 39. f4 Bd5 40. Kf2 g6 41. Bg2 Bxg2 (41... Be6 $142 42. Ke2 Bg4+ 43. Bf3 Bxf3+ 44. Kxf3 Rd3+ 45. Ke2 Ra3) 42. Kxg2 $18 Bg7 43. Qb8+ Bf8 44. Qa7 Rd2+ 45. Kf1 Kg7 46. a4 Bb4 47. Qb8 Be7 48. Qb7 Bf6 49. d5 Ra2 50. Qc6 h5 51. d6 Rxh2 52. d7 Rd2 53. a5 h4 54. gxh4 Rd4 55. a6 Rxf4+ 56. Ke2 1-0

[Event "7th Sharjah Masters 2024"]
[Site "Sharjah"]
[Date "2024.05.15"]
[Round "2.23"]
[White "Yakubboev, Nodirbek"]
[Black "Erdos, Viktor"]
[Result "1-0"]
[ECO "D37"]
[WhiteElo "2665"]
[BlackElo "2546"]
[Annotator "TA"]
[PlyCount "75"]
[EventDate "2024.05.13"]
[EventType "swiss"]
[EventCountry "UAE"]
[SourceTitle "playchess.com"]
[Source "ChessBase"]
[SourceQuality "1"]
[TimeControl "5400+30"]

1. d4 Nf6 2. Nf3 d5 3. c4 e6 4. Nc3 Nbd7 5. Bf4 dxc4 6. e3 b5 7. Nxb5 Bb4+ 8. Nd2 {[%emt 0:01:39] White has an edge.} Nd5 9. Bg3 N7b6 10. a3 Ba5 11. Rc1 O-O 12. Nc3 $36 {[%emt 0:04:47][%mdl 2048] White is more active.} Rb8 (12... Bb7 $11 {remains equal.}) 13. Bxc4 $16 Bxc3 14. bxc3 Nxc4 15. Nxc4 Ba6 16. Ne5 Qe8 17. c4 Nb6 18. O-O {[%emt 0:02:37] White is more active.} f6 {[%emt 0:00:03] [#]} 19. Nd3 Nxc4 20. Re1 Nb2 21. Nxb2 Rxb2 22. Rxc7 Rf7 23. Rc5 Rfb7 24. h4 h6 25. Kh2 Qg6 26. Qf3 Bd3 (26... Kh7 $16 {is a better defense.} 27. h5 Qf7) 27. e4 $18 Bb1 (27... Bb5 28. e5 Be8 29. exf6 Qxf6) 28. h5 Qf7 29. d5 R2b5 (29... Kh7 $142 30. d6 R7b5) 30. Rc6 {[%emt 0:00:00][%cal Bc5c6,Bc6c8,Bc8e8][%mdl 32] Black is weak on the dark squares} f5 31. dxe6 (31. Rxe6 Bxe4 32. Qe2 Rb2 $11) 31... Qe8 32. exf5 Rxf5 33. Qc3 {[%emt 0:00:06] [#] Rc8 would now be deadly.} Kh7 34. Rc8 Qxh5+ (34... Qe7 {keeps fighting.} 35. Kg1 Rxh5) 35. Kg1 {[%emt 0:00:02] Threatens to win with e7. White is clearly winning.} Ba2 (35... Rfb5 $142 36. e7 Bg6) 36. e7 Bf7 37. e8=Q Bxe8 38. Rcxe8 {[%emt 0:00:05] Weighted Error Value: White=0.20 (precise) /Black=0.33.  Mistake:       	---       	Black=6      Inaccurate:     	White=2     	---        OK:         	White=19    	Black=11     Best:        	White=3     	Black=3} 1-0

[Event "7th Sharjah Masters 2024"]
[Site "Sharjah"]
[Date "2024.05.15"]
[Round "2.24"]
[White "Adhiban, B.."]
[Black "Sadhwani, Raunak"]
[Result "1/2-1/2"]
[ECO "C01"]
[WhiteElo "2523"]
[BlackElo "2654"]
[Annotator "TA"]
[PlyCount "24"]
[EventDate "2024.05.13"]
[EventType "swiss"]
[EventCountry "UAE"]
[SourceTitle "playchess.com"]
[Source "ChessBase"]
[SourceQuality "1"]
[TimeControl "5400+30"]

1. e4 e6 2. d4 d5 3. exd5 exd5 4. Nf3 Bd6 5. Bd3 Nf6 6. Qe2+ Qe7 7. Qxe7+ Kxe7 8. O-O Re8 9. Re1+ Kf8 10. Rxe8+ Kxe8 11. Nc3 c6 12. Bg5 Nbd7 {[%emt 0:00:33] White took control after the opening.   Weighted Error Value: White=0.00 (flawless) /Black=0.03 (flawless) .  OK:         	White=3     	Black=1      Best:        	---       	Black=1} 1/2-1/2